Workbook

Sheet items
E1: Количество, поз. | F1: =COUNTIF(G10:G65535,">0") | P1: ИП Москвичев А.Г., ОГРН 306526020000017
E2: Количество, шт. | F2: =SUM($G10:$G65536) | I2: Недопустимо добавление/удаление столбцов, изменение порядка товаров | P2: Телефон | Q2: 8 (499) 703-18-18
E3: Сумма заказа | F3: =SUMPRODUCT(G10:G65536,$M$10:$M$65536) | P3: E-mail | Q3: magicbooks@mail.ru
E4: Ваша экономия | F4: =F3-F5 | N4: Информация о наличии и ценах товаров актуальна на: | P4: 46310
E5: Финальная сумма заказа | F5: =SUMPRODUCT(G$10:G$65536,F$10:F$65536)
F7: =COUNTIF(X7:BB7,">0") | X7: =IF($F$3>discounts!C1,1,0) | Y7: =IF($F$3>discounts!D1,1,0) | Z7: =IF($F$3>discounts!E1,1,0) | AA7: =IF($F$3>discounts!F1,1,0) | AB7: =IF($F$3>discounts!G1,1,0) | AC7: =IF($F$3>discounts!H1,1,0) | AD7: =IF($F$3>discounts!I1,1,0) | AE7: =IF($F$3>discounts!J1,1,0) | ... AG7: =IF($F$3>discounts!L1,1,0)
B9: Новинка | C9: Код | D9: Автор | E9: Название | F9: Ваша цена | G9: Заказ | H9: Производитель | I9: Год выпуска | J9: Штрихкод | K9: Вендормодель | L9: Процент скидки | M9: Цена розничная | N9: Цена оптовая базовая | O9: Ссылка | P9: Рейтинг | Q9: Остатки | R9: Группа скидок | S9: Возрастное ограничение
B10: Книги
B11: Черная магия
C12: 22666 | D12: Амазарак | E12: Настольная книга темной ведьмы | F12: =ROUNDUP(N12-(N12/100*X12),0) | H12: Magic-Kniga | I12: 2014 | J12: 9785904844943 | K12: Книги | L12: =ROUND(100-(F12/(M12/100)),0) | M12: 1100 | N12: 957 | O12: https://magic-kniga.ru/items/22666 | P12: 156 | Q12: Больше 50 | R12: 1 | S12: 18 | V12: =MATCH(R12,discounts!A:A) | W12: =ADDRESS(V12,$F$7+1,,,"discounts") | X12: =ROUND(_xlfn.SINGLE(IF(ISNA(_xlfn.SINGLE(IF($F$7=0,0,INDIRECT(W12)))),0,IF($F$7=0,0,INDIRECT(W12)))),0)
C13: 23666 | D13: Гордеев Сергей Васильевич | E13: Черный гримуар средневекового колдуна | F13: =ROUNDUP(N13-(N13/100*X13),0) | H13: Magic-Kniga | I13: 2015 | J13: 9785904844981 | K13: Книги | L13: =ROUND(100-(F13/(M13/100)),0) | M13: 539 | N13: 469 | O13: https://magic-kniga.ru/items/23666 | P13: 71 | Q13: Много | R13: 1 | S13: 18 | V13: =MATCH(R13,discounts!A:A) | W13: =ADDRESS(V13,$F$7+1,,,"discounts") | X13: =ROUND(_xlfn.SINGLE(IF(ISNA(_xlfn.SINGLE(IF($F$7=0,0,INDIRECT(W13)))),0,IF($F$7=0,0,INDIRECT(W13)))),0)
C14: 4000 | D14: Амазарак | E14: Курс высшей черной магии | F14: =ROUNDUP(N14-(N14/100*X14),0) | H14: Magic-Kniga | I14: 2010 | J14: 9785904844028 | K14: Книги | L14: =ROUND(100-(F14/(M14/100)),0) | M14: 988 | N14: 860 | O14: https://magic-kniga.ru/items/4000 | P14: 497 | Q14: Мало | R14: 1 | V14: =MATCH(R14,discounts!A:A) | W14: =ADDRESS(V14,$F$7+1,,,"discounts") | X14: =ROUND(_xlfn.SINGLE(IF(ISNA(_xlfn.SINGLE(IF($F$7=0,0,INDIRECT(W14)))),0,IF($F$7=0,0,INDIRECT(W14)))),0)
B15: Шаманизм
C16: 22750 | D16: Диксон Олард | E16: Шаманы России | F16: =ROUNDUP(N16-(N16/100*X16),0) | H16: Золотое сечение | I16: 2015 | J16: 9785910782857 | K16: Книги | L16: =ROUND(100-(F16/(M16/100)),0) | M16: 796 | N16: 693 | O16: https://magic-kniga.ru/items/22750 | Q16: Мало | R16: 6 | V16: =MATCH(R16,discounts!A:A) | W16: =ADDRESS(V16,$F$7+1,,,"discounts") | X16: =ROUND(IF(ISNA(IF($F$7=0,0,INDIRECT(W16))),0,IF($F$7=0,0,INDIRECT(W16))),0)
B17: Магия Вуду
C18: 5000 | E18: Магия вуду. Практика ритуалов и заклинаний | F18: =ROUNDUP(N18-(N18/100*X18),0) | H18: Magic-Kniga | I18: 2010 | J18: 9785990925489 | K18: Книги | L18: =ROUND(100-(F18/(M18/100)),0) | M18: 460 | N18: 401 | O18: https://magic-kniga.ru/items/5000 | P18: 423 | Q18: Больше 10 | R18: 1 | S18: 16 | V18: =MATCH(R18,discounts!A:A) | W18: =ADDRESS(V18,$F$7+1,,,"discounts") | X18: =ROUND(IF(ISNA(IF($F$7=0,0,INDIRECT(W18))),0,IF($F$7=0,0,INDIRECT(W18))),0)
B19: Нумерология
C20: 23230 | D20: Арнолд Маргарет | E20: Любовная нумерология. Подходите ли вы друг другу? | F20: =ROUNDUP(N20-(N20/100*X20),0) | H20: Весь | I20: 2014 | J20: 9785957327141 | K20: Книги | L20: =ROUND(100-(F20/(M20/100)),0) | M20: 379 | N20: 330 | O20: https://magic-kniga.ru/items/23230 | Q20: Мало | R20: 3 | V20: =MATCH(R20,discounts!A:A) | W20: =ADDRESS(V20,$F$7+1,,,"discounts") | X20: =ROUND(_xlfn.SINGLE(IF(ISNA(_xlfn.SINGLE(IF($F$7=0,0,INDIRECT(W20)))),0,IF($F$7=0,0,INDIRECT(W20)))),0)
C21: 15688 | D21: Моисеев Геннадий Яковлевич | E21: Нумерология гороскопного анализа брачного союза | F21: =ROUNDUP(N21-(N21/100*X21),0) | H21: Профит-Стайл | I21: 2007 | J21: 9785988570523 | K21: Книги | L21: =ROUND(100-(F21/(M21/100)),0) | M21: 102 | N21: 89 | O21: https://magic-kniga.ru/items/15688 | Q21: Мало | R21: 2 | V21: =MATCH(R21,discounts!A:A) | W21: =ADDRESS(V21,$F$7+1,,,"discounts") | X21: =ROUND(_xlfn.SINGLE(IF(ISNA(_xlfn.SINGLE(IF($F$7=0,0,INDIRECT(W21)))),0,IF($F$7=0,0,INDIRECT(W21)))),0)
C22: 18129 | D22: Моисеев Геннадий Яковлевич | E22: Софонумерология инициального гороскопа | F22: =ROUNDUP(N22-(N22/100*X22),0) | H22: Профит-Стайл | I22: 2006 | J22: 9785988570240 | K22: Книги | L22: =ROUND(100-(F22/(M22/100)),0) | M22: 432 | N22: 376 | O22: https://magic-kniga.ru/items/18129 | Q22: Мало | R22: 5 | V22: =MATCH(R22,discounts!A:A) | W22: =ADDRESS(V22,$F$7+1,,,"discounts") | X22: =ROUND(_xlfn.SINGLE(IF(ISNA(_xlfn.SINGLE(IF($F$7=0,0,INDIRECT(W22)))),0,IF($F$7=0,0,INDIRECT(W22)))),0)
B23: Каббала
C24: 2800 | D24: Папюс | E24: Каббала | F24: =ROUNDUP(N24-(N24/100*X24),0) | H24: Magic-Kniga | I24: 2019 | J24: 9785904844486 | K24: Книги | L24: =ROUND(100-(F24/(M24/100)),0) | M24: 507 | N24: 442 | O24: https://magic-kniga.ru/items/2800 | P24: 326 | Q24: Больше 50 | R24: 1 | V24: =MATCH(R24,discounts!A:A) | W24: =ADDRESS(V24,$F$7+1,,,"discounts") | X24: =ROUND(IF(ISNA(IF($F$7=0,0,INDIRECT(W24))),0,IF($F$7=0,0,INDIRECT(W24))),0)
B25: Магия растений
C26: 11000 | E26: Растительное колдовство. Практическое пособие | F26: =ROUNDUP(N26-(N26/100*X26),0) | H26: Magic-Kniga | I26: 2012 | J26: 9785904844226 | K26: Книги | L26: =ROUND(100-(F26/(M26/100)),0) | M26: 812 | N26: 707 | O26: https://magic-kniga.ru/items/11000 | P26: 81 | Q26: Больше 10 | R26: 1 | V26: =MATCH(R26,discounts!A:A) | W26: =ADDRESS(V26,$F$7+1,,,"discounts") | X26: =ROUND(IF(ISNA(IF($F$7=0,0,INDIRECT(W26))),0,IF($F$7=0,0,INDIRECT(W26))),0)
B27: Сборники заговоров
C28: 20333 | D28: Сахаров И.П. | E28: Русское народное чернокнижие | F28: =ROUNDUP(N28-(N28/100*X28),0) | H28: Magic-Kniga | I28: 2014 | J28: 9785904844738 | K28: Книги | L28: =ROUND(100-(F28/(M28/100)),0) | M28: 469 | N28: 409 | O28: https://magic-kniga.ru/items/20333 | P28: 171 | Q28: Больше 50 | R28: 1 | S28: 16 | V28: =MATCH(R28,discounts!A:A) | W28: =ADDRESS(V28,$F$7+1,,,"discounts") | X28: =ROUND(IF(ISNA(IF($F$7=0,0,INDIRECT(W28))),0,IF($F$7=0,0,INDIRECT(W28))),0)
B29: Домашняя магия
C30: 12159 | D30: Дуган Эллен | E30: Домашнее волшебство. Природная магия для очага и жилища | F30: =ROUNDUP(N30-(N30/100*X30),0) | H30: Весь | I30: 2016 | J30: 9785957318040 | K30: Книги | L30: =ROUND(100-(F30/(M30/100)),0) | M30: 508 | N30: 442 | O30: https://magic-kniga.ru/items/12159 | Q30: Мало | R30: 3 | V30: =MATCH(R30,discounts!A:A) | W30: =ADDRESS(V30,$F$7+1,,,"discounts") | X30: =ROUND(IF(ISNA(IF($F$7=0,0,INDIRECT(W30))),0,IF($F$7=0,0,INDIRECT(W30))),0)
B31: Любовная магия
C32: 19494 | D32: Федосеев А.И. | E32: Погадаем на любовь. Практическое пособие по определению характера и совместимости партнеров | F32: =ROUNDUP(N32-(N32/100*X32),0) | H32: Велигор | I32: 2015 | J32: 9785888753156 | K32: Книги | L32: =ROUND(100-(F32/(M32/100)),0) | M32: 775 | N32: 675 | O32: https://magic-kniga.ru/items/19494 | Q32: Мало | R32: 6 | V32: =MATCH(R32,discounts!A:A) | W32: =ADDRESS(V32,$F$7+1,,,"discounts") | X32: =ROUND(_xlfn.SINGLE(IF(ISNA(_xlfn.SINGLE(IF($F$7=0,0,INDIRECT(W32)))),0,IF($F$7=0,0,INDIRECT(W32)))),0)
C33: 5185 | D33: Амарис Стелла | E33: Любим, верим и побеждаем. Метафизика любви | F33: =ROUNDUP(N33-(N33/100*X33),0) | H33: Золотое сечение | I33: 2009 | J33: 9785910780945 | K33: Книги | L33: =ROUND(100-(F33/(M33/100)),0) | M33: 425 | N33: 370 | O33: https://magic-kniga.ru/items/5185 | Q33: Мало | R33: 6 | V33: =MATCH(R33,discounts!A:A) | W33: =ADDRESS(V33,$F$7+1,,,"discounts") | X33: =ROUND(_xlfn.SINGLE(IF(ISNA(_xlfn.SINGLE(IF($F$7=0,0,INDIRECT(W33)))),0,IF($F$7=0,0,INDIRECT(W33)))),0)
B34: Оккультизм
C35: 2000 | D35: Леви Элифас | E35: Учение и Ритуал | F35: =ROUNDUP(N35-(N35/100*X35),0) | H35: Magic-Kniga | I35: 2010 | J35: 9785904844035 | K35: Книги | L35: =ROUND(100-(F35/(M35/100)),0) | M35: 627 | N35: 546 | O35: https://magic-kniga.ru/items/2000 | P35: 344 | Q35: Больше 50 | R35: 1 | V35: =MATCH(R35,discounts!A:A) | W35: =ADDRESS(V35,$F$7+1,,,"discounts") | X35: =ROUND(IF(ISNA(IF($F$7=0,0,INDIRECT(W35))),0,IF($F$7=0,0,INDIRECT(W35))),0)
C36: 5500 | D36: Агриппа Генрих | E36: Магия Арбателя | F36: =ROUNDUP(N36-(N36/100*X36),0) | H36: Magic-Kniga | I36: 2013 | J36: 9785904844479 | K36: Книги | L36: =ROUND(100-(F36/(M36/100)),0) | M36: 1550 | N36: 1349 | O36: https://magic-kniga.ru/items/5500 | P36: 432 | Q36: Больше 50 | R36: 1 | V36: =MATCH(R36,discounts!A:A) | W36: =ADDRESS(V36,$F$7+1,,,"discounts") | X36: =ROUND(IF(ISNA(IF($F$7=0,0,INDIRECT(W36))),0,IF($F$7=0,0,INDIRECT(W36))),0)
C37: 8888 | D37: Гусев Анатолий Иванович | E37: Оккультная феноменология | F37: =ROUNDUP(N37-(N37/100*X37),0) | H37: Magic-Kniga | I37: 2013 | J37: 9785904844424 | K37: Книги | L37: =ROUND(100-(F37/(M37/100)),0) | M37: 285 | N37: 248 | O37: https://magic-kniga.ru/items/8888 | P37: 54 | Q37: Больше 10 | R37: 1 | V37: =MATCH(R37,discounts!A:A) | W37: =ADDRESS(V37,$F$7+1,,,"discounts") | X37: =ROUND(IF(ISNA(IF($F$7=0,0,INDIRECT(W37))),0,IF($F$7=0,0,INDIRECT(W37))),0)
C38: 18400 | D38: Леви Элифас | E38: Великий Аркан или разоблаченный оккультизм | F38: =ROUNDUP(N38-(N38/100*X38),0) | H38: Magic-Kniga | I38: 2024 | J38: 9785904844882 | K38: Книги | L38: =ROUND(100-(F38/(M38/100)),0) | M38: 453 | N38: 395 | O38: https://magic-kniga.ru/items/18400 | P38: 266 | Q38: Больше 50 | R38: 1 | V38: =MATCH(R38,discounts!A:A) | W38: =ADDRESS(V38,$F$7+1,,,"discounts") | X38: =ROUND(IF(ISNA(IF($F$7=0,0,INDIRECT(W38))),0,IF($F$7=0,0,INDIRECT(W38))),0)
C39: 18967 | D39: Воронин Валерий | E39: Замок Воина. Древняя вотчина русских богов | F39: =ROUNDUP(N39-(N39/100*X39),0) | H39: Амрита-русь | I39: 2015 | J39: 9785000533253 | K39: Книги | L39: =ROUND(100-(F39/(M39/100)),0) | M39: 292 | N39: 255 | O39: https://magic-kniga.ru/items/18967 | Q39: Мало | R39: 2 | V39: =MATCH(R39,discounts!A:A) | W39: =ADDRESS(V39,$F$7+1,,,"discounts") | X39: =ROUND(IF(ISNA(IF($F$7=0,0,INDIRECT(W39))),0,IF($F$7=0,0,INDIRECT(W39))),0)
C40: 19000 | D40: Барретт Фрэнсис | E40: Маг | F40: =ROUNDUP(N40-(N40/100*X40),0) | H40: Magic-Kniga | I40: 2024 | J40: 9785904844639 | K40: Книги | L40: =ROUND(100-(F40/(M40/100)),0) | M40: 1239 | N40: 1078 | O40: https://magic-kniga.ru/items/19000 | P40: 381 | Q40: Больше 10 | R40: 1 | V40: =MATCH(R40,discounts!A:A) | W40: =ADDRESS(V40,$F$7+1,,,"discounts") | X40: =ROUND(IF(ISNA(IF($F$7=0,0,INDIRECT(W40))),0,IF($F$7=0,0,INDIRECT(W40))),0)
C41: 19398 | D41: Итель Кохун | E41: Макгрегор Мазерс. Меч Мудрости | F41: =ROUNDUP(N41-(N41/100*X41),0) | H41: Энигма | I41: 2015 | J41: 9785946982122 | K41: Книги | L41: =ROUND(100-(F41/(M41/100)),0) | M41: 1163 | N41: 1012 | O41: https://magic-kniga.ru/items/19398 | Q41: Мало | R41: 9 | V41: =MATCH(R41,discounts!A:A) | W41: =ADDRESS(V41,$F$7+1,,,"discounts") | X41: =ROUND(IF(ISNA(IF($F$7=0,0,INDIRECT(W41))),0,IF($F$7=0,0,INDIRECT(W41))),0)
C42: 19399 | D42: Филозоф А.Л | E42: Медиумизм-дар или испытание | F42: =ROUNDUP(N42-(N42/100*X42),0) | H42: Амрита-русь | I42: 2015 | J42: 9785000533765 | K42: Книги | L42: =ROUND(100-(F42/(M42/100)),0) | M42: 1163 | N42: 1012 | O42: https://magic-kniga.ru/items/19399 | Q42: Мало | R42: 2 | V42: =MATCH(R42,discounts!A:A) | W42: =ADDRESS(V42,$F$7+1,,,"discounts") | X42: =ROUND(IF(ISNA(IF($F$7=0,0,INDIRECT(W42))),0,IF($F$7=0,0,INDIRECT(W42))),0)
C43: 19482 | D43: Михайлов Г. | E43: Мистицизм, религии, магия. Попытка системного подхода с позиций развития сознания | F43: =ROUNDUP(N43-(N43/100*X43),0) | H43: Амрита-русь | I43: 2015 | J43: 9785413013458 | K43: Книги | L43: =ROUND(100-(F43/(M43/100)),0) | M43: 714 | N43: 622 | O43: https://magic-kniga.ru/items/19482 | Q43: Мало | R43: 2 | V43: =MATCH(R43,discounts!A:A) | W43: =ADDRESS(V43,$F$7+1,,,"discounts") | X43: =ROUND(IF(ISNA(IF($F$7=0,0,INDIRECT(W43))),0,IF($F$7=0,0,INDIRECT(W43))),0)
C44: 19700 | D44: Леви Элифас | E44: Наука о духах | F44: =ROUNDUP(N44-(N44/100*X44),0) | H44: Magic-Kniga | I44: 2013 | J44: 9785904844141 | K44: Книги | L44: =ROUND(100-(F44/(M44/100)),0) | M44: 880 | N44: 766 | O44: https://magic-kniga.ru/items/19700 | P44: 285 | Q44: Больше 50 | R44: 1 | S44: 16 | V44: =MATCH(R44,discounts!A:A) | W44: =ADDRESS(V44,$F$7+1,,,"discounts") | X44: =ROUND(IF(ISNA(IF($F$7=0,0,INDIRECT(W44))),0,IF($F$7=0,0,INDIRECT(W44))),0)
C45: 20050 | E45: Книга Запретных Гримуаров | F45: =ROUNDUP(N45-(N45/100*X45),0) | H45: Magic-Kniga | I45: 2014 | J45: 9785904844660 | K45: Книги | L45: =ROUND(100-(F45/(M45/100)),0) | M45: 943 | N45: 821 | O45: https://magic-kniga.ru/items/20050 | P45: 411 | Q45: Больше 10 | R45: 1 | V45: =MATCH(R45,discounts!A:A) | W45: =ADDRESS(V45,$F$7+1,,,"discounts") | X45: =ROUND(IF(ISNA(IF($F$7=0,0,INDIRECT(W45))),0,IF($F$7=0,0,INDIRECT(W45))),0)
C46: 20713 | D46: Амфитеатров Владимир Леонович | E46: Духи и дух: Магия Бессмертия | F46: =ROUNDUP(N46-(N46/100*X46),0) | H46: Велигор | I46: 2012 | J46: 2100000207138 | K46: Книги | L46: =ROUND(100-(F46/(M46/100)),0) | M46: 1000 | N46: 870 | O46: https://magic-kniga.ru/items/20713 | Q46: Мало | R46: 6 | V46: =MATCH(R46,discounts!A:A) | W46: =ADDRESS(V46,$F$7+1,,,"discounts") | X46: =ROUND(IF(ISNA(IF($F$7=0,0,INDIRECT(W46))),0,IF($F$7=0,0,INDIRECT(W46))),0)
C47: 9873 | D47: Дынов П.К. | E47: Беседы Учителя | F47: =ROUNDUP(N47-(N47/100*X47),0) | H47: Амрита-русь | I47: 2016 | J47: 9785413014677 | K47: Книги | L47: =ROUND(100-(F47/(M47/100)),0) | M47: 349 | N47: 304 | O47: https://magic-kniga.ru/items/9873 | Q47: Мало | R47: 2 | V47: =MATCH(R47,discounts!A:A) | W47: =ADDRESS(V47,$F$7+1,,,"discounts") | X47: =ROUND(IF(ISNA(IF($F$7=0,0,INDIRECT(W47))),0,IF($F$7=0,0,INDIRECT(W47))),0)
C48: 11111 | D48: Леви Элифас | E48: Ключ к великим тайнам | F48: =ROUNDUP(N48-(N48/100*X48),0) | H48: Magic-Kniga | I48: 2021 | J48: 9785604685839 | K48: Книги | L48: =ROUND(100-(F48/(M48/100)),0) | M48: 965 | N48: 840 | O48: https://magic-kniga.ru/items/11111 | P48: 432 | Q48: Больше 10 | R48: 1 | V48: =MATCH(R48,discounts!A:A) | W48: =ADDRESS(V48,$F$7+1,,,"discounts") | X48: =ROUND(IF(ISNA(IF($F$7=0,0,INDIRECT(W48))),0,IF($F$7=0,0,INDIRECT(W48))),0)
C49: 11665 | D49: Печенкин А. | E49: Загадочная Джоконда. Все тайны Моны Лизы разгаданы | F49: =ROUNDUP(N49-(N49/100*X49),0) | H49: Велигор | I49: 2009 | J49: 9785757202433 | K49: Книги | L49: =ROUND(100-(F49/(M49/100)),0) | M49: 188 | N49: 164 | O49: https://magic-kniga.ru/items/11665 | Q49: Мало | R49: 7 | V49: =MATCH(R49,discounts!A:A) | W49: =ADDRESS(V49,$F$7+1,,,"discounts") | X49: =ROUND(IF(ISNA(IF($F$7=0,0,INDIRECT(W49))),0,IF($F$7=0,0,INDIRECT(W49))),0)
C50: 13055 | D50: Черный Лис | E50: Лисья йога: письма черного лиса к продвинутым существам | F50: =ROUNDUP(N50-(N50/100*X50),0) | H50: Энигма | I50: 2010 | J50: 9785946980852 | K50: Книги | L50: =ROUND(100-(F50/(M50/100)),0) | M50: 279 | N50: 243 | O50: https://magic-kniga.ru/items/13055 | Q50: Мало | R50: 7 | V50: =MATCH(R50,discounts!A:A) | W50: =ADDRESS(V50,$F$7+1,,,"discounts") | X50: =ROUND(IF(ISNA(IF($F$7=0,0,INDIRECT(W50))),0,IF($F$7=0,0,INDIRECT(W50))),0)
C51: 14100 | D51: Папюс | E51: Первоначальные сведения об оккультизме | F51: =ROUNDUP(N51-(N51/100*X51),0) | H51: Magic-Kniga | I51: 2022 | J51: 9785904844240 | K51: Книги | L51: =ROUND(100-(F51/(M51/100)),0) | M51: 645 | N51: 562 | O51: https://magic-kniga.ru/items/14100 | P51: 265 | Q51: Мало | R51: 1 | V51: =MATCH(R51,discounts!A:A) | W51: =ADDRESS(V51,$F$7+1,,,"discounts") | X51: =ROUND(IF(ISNA(IF($F$7=0,0,INDIRECT(W51))),0,IF($F$7=0,0,INDIRECT(W51))),0)
C52: 16146 | D52: Соловьев В. | E52: Путь без пути | F52: =ROUNDUP(N52-(N52/100*X52),0) | H52: Медков | I52: 2008 | J52: 9785902582175 | K52: Книги | L52: =ROUND(100-(F52/(M52/100)),0) | M52: 790 | N52: 688 | O52: https://magic-kniga.ru/items/16146 | Q52: Мало | R52: 7 | V52: =MATCH(R52,discounts!A:A) | W52: =ADDRESS(V52,$F$7+1,,,"discounts") | X52: =ROUND(IF(ISNA(IF($F$7=0,0,INDIRECT(W52))),0,IF($F$7=0,0,INDIRECT(W52))),0)
C53: 22500 | E53: Заклятая книга Гонория | F53: =ROUNDUP(N53-(N53/100*X53),0) | H53: Magic-Kniga | I53: 2024 | J53: 9785904844899 | K53: Книги | L53: =ROUND(100-(F53/(M53/100)),0) | M53: 802 | N53: 698 | O53: https://magic-kniga.ru/items/22500 | P53: 378 | Q53: Больше 10 | R53: 1 | S53: 18 | V53: =MATCH(R53,discounts!A:A) | W53: =ADDRESS(V53,$F$7+1,,,"discounts") | X53: =ROUND(IF(ISNA(IF($F$7=0,0,INDIRECT(W53))),0,IF($F$7=0,0,INDIRECT(W53))),0)
C54: 24000 | E54: Пикатрикс | F54: =ROUNDUP(N54-(N54/100*X54),0) | H54: Magic-Kniga | I54: 2015 | J54: 9785990639003 | K54: Книги | L54: =ROUND(100-(F54/(M54/100)),0) | M54: 1100 | N54: 957 | O54: https://magic-kniga.ru/items/24000 | P54: 443 | Q54: Больше 50 | R54: 1 | V54: =MATCH(R54,discounts!A:A) | W54: =ADDRESS(V54,$F$7+1,,,"discounts") | X54: =ROUND(IF(ISNA(IF($F$7=0,0,INDIRECT(W54))),0,IF($F$7=0,0,INDIRECT(W54))),0)
C55: 24200 | D55: Бенгальский Иван | E55: Гримуар царя Соломона | F55: =ROUNDUP(N55-(N55/100*X55),0) | H55: Magic-Kniga | I55: 2015 | J55: 9785990639010 | K55: Книги | L55: =ROUND(100-(F55/(M55/100)),0) | M55: 877 | N55: 763 | O55: https://magic-kniga.ru/items/24200 | P55: 457 | Q55: Много | R55: 1 | V55: =MATCH(R55,discounts!A:A) | W55: =ADDRESS(V55,$F$7+1,,,"discounts") | X55: =ROUND(IF(ISNA(IF($F$7=0,0,INDIRECT(W55))),0,IF($F$7=0,0,INDIRECT(W55))),0)
C56: 26100 | D56: Жак Огюст Симон Коллен де Планси | E56: Тайны Ада и его обитателей | F56: =ROUNDUP(N56-(N56/100*X56),0) | H56: Magic-Kniga | I56: 2015 | J56: 9785990692435 | K56: Книги | L56: =ROUND(100-(F56/(M56/100)),0) | M56: 550 | N56: 479 | O56: https://magic-kniga.ru/items/26100 | P56: 224 | Q56: Мало | R56: 1 | V56: =MATCH(R56,discounts!A:A) | W56: =ADDRESS(V56,$F$7+1,,,"discounts") | X56: =ROUND(IF(ISNA(IF($F$7=0,0,INDIRECT(W56))),0,IF($F$7=0,0,INDIRECT(W56))),0)
C57: 26000 | D57: Иоганн Фауст | E57: Чернокнижие Иоганна Фауста. Том I. Магия естественная и противоестественная | F57: =ROUNDUP(N57-(N57/100*X57),0) | H57: Magic-Kniga | I57: 2015 | J57: 9785990692442 | K57: Книги | L57: =ROUND(100-(F57/(M57/100)),0) | M57: 1123 | N57: 978 | O57: https://magic-kniga.ru/items/26000 | P57: 235 | Q57: Больше 10 | R57: 1 | S57: 18 | V57: =MATCH(R57,discounts!A:A) | W57: =ADDRESS(V57,$F$7+1,,,"discounts") | X57: =ROUND(IF(ISNA(IF($F$7=0,0,INDIRECT(W57))),0,IF($F$7=0,0,INDIRECT(W57))),0)
B58: Йога
C59: 10551 | D59: Айенгар Б.К.С. и Гита | E59: Мое представление йоги | F59: =ROUNDUP(N59-(N59/100*X59),0) | H59: Флинта | I59: 2009 | J59: 9785897505012 | K59: Книги | L59: =ROUND(100-(F59/(M59/100)),0) | M59: 318 | N59: 277 | O59: https://magic-kniga.ru/items/10551 | Q59: Мало | R59: 3 | V59: =MATCH(R59,discounts!A:A) | W59: =ADDRESS(V59,$F$7+1,,,"discounts") | X59: =ROUND(IF(ISNA(IF($F$7=0,0,INDIRECT(W59))),0,IF($F$7=0,0,INDIRECT(W59))),0)
C60: 11078 | D60: Гапта Роксана | E60: Йога индийского классического танца: зеркало йогини | F60: =ROUNDUP(N60-(N60/100*X60),0) | H60: ООО Ра | I60: 2004 | J60: 9785986870021 | K60: Книги | L60: =ROUND(100-(F60/(M60/100)),0) | M60: 1255 | N60: 1092 | O60: https://magic-kniga.ru/items/11078 | Q60: Мало | R60: 3 | V60: =MATCH(R60,discounts!A:A) | W60: =ADDRESS(V60,$F$7+1,,,"discounts") | X60: =ROUND(IF(ISNA(IF($F$7=0,0,INDIRECT(W60))),0,IF($F$7=0,0,INDIRECT(W60))),0)
C61: 13885 | E61: Кунта йога | F61: =ROUNDUP(N61-(N61/100*X61),0) | H61: Профит-Стайл | I61: 2012 | J61: 9785988572213 | K61: Книги | L61: =ROUND(100-(F61/(M61/100)),0) | M61: 336 | N61: 293 | O61: https://magic-kniga.ru/items/13885 | Q61: Мало | R61: 2 | V61: =MATCH(R61,discounts!A:A) | W61: =ADDRESS(V61,$F$7+1,,,"discounts") | X61: =ROUND(IF(ISNA(IF($F$7=0,0,INDIRECT(W61))),0,IF($F$7=0,0,INDIRECT(W61))),0)
C62: 2633 | D62: Фридман | E62: Аква-йога для беременных | F62: =ROUNDUP(N62-(N62/100*X62),0) | H62: Этерна | I62: 2014 | J62: 9785480002195 | K62: Книги | L62: =ROUND(100-(F62/(M62/100)),0) | M62: 65 | N62: 57 | O62: https://magic-kniga.ru/items/2633 | Q62: Мало | R62: 5 | V62: =MATCH(R62,discounts!A:A) | W62: =ADDRESS(V62,$F$7+1,,,"discounts") | X62: =ROUND(IF(ISNA(IF($F$7=0,0,INDIRECT(W62))),0,IF($F$7=0,0,INDIRECT(W62))),0)
C63: 8572 | D63: Айенгар Б.К.С. и Гита | E63: Свет жизни: Йога | F63: =ROUNDUP(N63-(N63/100*X63),0) | H63: Альпина Нон-Фикшн | I63: 2017 | J63: 9785916716665 | K63: Книги | L63: =ROUND(100-(F63/(M63/100)),0) | M63: 269 | N63: 235 | O63: https://magic-kniga.ru/items/8572 | Q63: Мало | R63: 7 | V63: =MATCH(R63,discounts!A:A) | W63: =ADDRESS(V63,$F$7+1,,,"discounts") | X63: =ROUND(IF(ISNA(IF($F$7=0,0,INDIRECT(W63))),0,IF($F$7=0,0,INDIRECT(W63))),0)
C64: 20661 | D64: Кришнамачарья Кулапати Эккирала | E64: Йога в современном мире | F64: =ROUNDUP(N64-(N64/100*X64),0) | H64: Амрита-русь | I64: 2019 | J64: 9785413018972 | K64: Книги | L64: =ROUND(100-(F64/(M64/100)),0) | M64: 1000 | N64: 870 | O64: https://magic-kniga.ru/items/20661 | Q64: Мало | R64: 7 | V64: =MATCH(R64,discounts!A:A) | W64: =ADDRESS(V64,$F$7+1,,,"discounts") | X64: =ROUND(IF(ISNA(IF($F$7=0,0,INDIRECT(W64))),0,IF($F$7=0,0,INDIRECT(W64))),0)
C65: 21925 | D65: Доля Роман | E65: Бессмертие. Реальность и мифы. Йога посмертной трансформации личности | F65: =ROUNDUP(N65-(N65/100*X65),0) | H65: Амрита-русь | I65: 2014 | J65: 9785000531686 | K65: Книги | L65: =ROUND(100-(F65/(M65/100)),0) | M65: 218 | N65: 190 | O65: https://magic-kniga.ru/items/21925 | Q65: Мало | R65: 2 | V65: =MATCH(R65,discounts!A:A) | W65: =ADDRESS(V65,$F$7+1,,,"discounts") | X65: =ROUND(IF(ISNA(IF($F$7=0,0,INDIRECT(W65))),0,IF($F$7=0,0,INDIRECT(W65))),0)
C66: 22302 | D66: Кришнамачарья Кулапати Эккирала | E66: Йога как наука о человеке | F66: =ROUNDUP(N66-(N66/100*X66),0) | H66: Амрита-русь | I66: 2014 | J66: 9785413012352 | K66: Книги | L66: =ROUND(100-(F66/(M66/100)),0) | M66: 145 | N66: 127 | O66: https://magic-kniga.ru/items/22302 | Q66: Мало | R66: 2 | V66: =MATCH(R66,discounts!A:A) | W66: =ADDRESS(V66,$F$7+1,,,"discounts") | X66: =ROUND(IF(ISNA(IF($F$7=0,0,INDIRECT(W66))),0,IF($F$7=0,0,INDIRECT(W66))),0)
C67: 15810 | D67: Коровин В. | E67: От начала йоги к мистическому познанию Бога | F67: =ROUNDUP(N67-(N67/100*X67),0) | H67: Профит-Стайл | I67: 2012 | J67: 9785988572350 | K67: Книги | L67: =ROUND(100-(F67/(M67/100)),0) | M67: 500 | N67: 435 | O67: https://magic-kniga.ru/items/15810 | Q67: Мало | R67: 2 | V67: =MATCH(R67,discounts!A:A) | W67: =ADDRESS(V67,$F$7+1,,,"discounts") | X67: =ROUND(IF(ISNA(IF($F$7=0,0,INDIRECT(W67))),0,IF($F$7=0,0,INDIRECT(W67))),0)
C68: 17436 | D68: Кастури Н. | E68: Ступени йоги. Практические рекомендации | F68: =ROUNDUP(N68-(N68/100*X68),0) | H68: Амрита-русь | I68: 2013 | J68: 9785413010945 | K68: Книги | L68: =ROUND(100-(F68/(M68/100)),0) | M68: 400 | N68: 348 | O68: https://magic-kniga.ru/items/17436 | Q68: Мало | R68: 7 | V68: =MATCH(R68,discounts!A:A) | W68: =ADDRESS(V68,$F$7+1,,,"discounts") | X68: =ROUND(IF(ISNA(IF($F$7=0,0,INDIRECT(W68))),0,IF($F$7=0,0,INDIRECT(W68))),0)
B69: Исцеление
C70: 14769 | D70: Брюс Филена | E70: Знайте, что вы любимы: техники самоисцеления для всех | F70: =ROUNDUP(N70-(N70/100*X70),0) | H70: Весь | I70: 2012 | J70: 9785957323792 | K70: Книги | L70: =ROUND(100-(F70/(M70/100)),0) | M70: 999 | N70: 870 | O70: https://magic-kniga.ru/items/14769 | Q70: Мало | R70: 5 | V70: =MATCH(R70,discounts!A:A) | W70: =ADDRESS(V70,$F$7+1,,,"discounts") | X70: =ROUND(IF(ISNA(IF($F$7=0,0,INDIRECT(W70))),0,IF($F$7=0,0,INDIRECT(W70))),0)
C71: 15103 | D71: Шереметева Галина Борисовна | E71: Практическое целительство. Исцеление через гармонию | F71: =ROUNDUP(N71-(N71/100*X71),0) | H71: Амрита-русь | I71: 2017 | J71: 9785000538296 | K71: Книги | L71: =ROUND(100-(F71/(M71/100)),0) | M71: 956 | N71: 832 | O71: https://magic-kniga.ru/items/15103 | Q71: Мало | R71: 2 | V71: =MATCH(R71,discounts!A:A) | W71: =ADDRESS(V71,$F$7+1,,,"discounts") | X71: =ROUND(IF(ISNA(IF($F$7=0,0,INDIRECT(W71))),0,IF($F$7=0,0,INDIRECT(W71))),0)
C72: 15710 | D72: Серебрякова Л. | E72: Целебный календарь на 2013 год | F72: =ROUNDUP(N72-(N72/100*X72),0) | H72: Диля | I72: 2012 | J72: 9785423600822 | K72: Книги | L72: =ROUND(100-(F72/(M72/100)),0) | M72: 250 | N72: 218 | O72: https://magic-kniga.ru/items/15710 | Q72: Мало | R72: 7 | V72: =MATCH(R72,discounts!A:A) | W72: =ADDRESS(V72,$F$7+1,,,"discounts") | X72: =ROUND(IF(ISNA(IF($F$7=0,0,INDIRECT(W72))),0,IF($F$7=0,0,INDIRECT(W72))),0)
C73: 17015 | D73: Сагоян | E73: Здоровье и совершенство. Энергетические практики оздоровления | F73: =ROUNDUP(N73-(N73/100*X73),0) | H73: Амрита-русь | I73: 2017 | J73: 9785000538579 | K73: Книги | L73: =ROUND(100-(F73/(M73/100)),0) | M73: 218 | N73: 190 | O73: https://magic-kniga.ru/items/17015 | Q73: Мало | R73: 2 | V73: =MATCH(R73,discounts!A:A) | W73: =ADDRESS(V73,$F$7+1,,,"discounts") | X73: =ROUND(IF(ISNA(IF($F$7=0,0,INDIRECT(W73))),0,IF($F$7=0,0,INDIRECT(W73))),0)
C74: 17016 | D74: Сагоян | E74: Панацея. Практика лечения солнечной энергией | F74: =ROUNDUP(N74-(N74/100*X74),0) | H74: Амрита-русь | I74: 2017 | J74: 9785000538241 | K74: Книги | L74: =ROUND(100-(F74/(M74/100)),0) | M74: 218 | N74: 190 | O74: https://magic-kniga.ru/items/17016 | Q74: Мало | R74: 2 | V74: =MATCH(R74,discounts!A:A) | W74: =ADDRESS(V74,$F$7+1,,,"discounts") | X74: =ROUND(IF(ISNA(IF($F$7=0,0,INDIRECT(W74))),0,IF($F$7=0,0,INDIRECT(W74))),0)
C75: 25069 | D75: Волканеску | E75: Саморегуляция организма и биоритмы жизни.Методы диагностики приобр. И наследст. Заболеваний | F75: =ROUNDUP(N75-(N75/100*X75),0) | H75: Амрита-русь | I75: 2015 | J75: 9785000534373 | K75: Книги | L75: =ROUND(100-(F75/(M75/100)),0) | M75: 220 | N75: 192 | O75: https://magic-kniga.ru/items/25069 | Q75: Мало | R75: 2 | V75: =MATCH(R75,discounts!A:A) | W75: =ADDRESS(V75,$F$7+1,,,"discounts") | X75: =ROUND(IF(ISNA(IF($F$7=0,0,INDIRECT(W75))),0,IF($F$7=0,0,INDIRECT(W75))),0)
C76: 12148 | D76: Бэрбель Мор | E76: Новые измерения исцеления. Простые способы вернуть здоровье | F76: =ROUNDUP(N76-(N76/100*X76),0) | H76: Весь | I76: 2011 | J76: 9785957319597 | K76: Книги | L76: =ROUND(100-(F76/(M76/100)),0) | M76: 508 | N76: 442 | O76: https://magic-kniga.ru/items/12148 | Q76: Мало | R76: 2 | V76: =MATCH(R76,discounts!A:A) | W76: =ADDRESS(V76,$F$7+1,,,"discounts") | X76: =ROUND(IF(ISNA(IF($F$7=0,0,INDIRECT(W76))),0,IF($F$7=0,0,INDIRECT(W76))),0)
C77: 12328 | D77: Мэдисон Т. | E77: Вдохновенные мысли для счастливой, здоровой и полноценной жизни | F77: =ROUNDUP(N77-(N77/100*X77),0) | H77: Весь | I77: 2010 | J77: 9785957316831 | K77: Книги | L77: =ROUND(100-(F77/(M77/100)),0) | M77: 203 | N77: 177 | O77: https://magic-kniga.ru/items/12328 | Q77: Мало | R77: 2 | V77: =MATCH(R77,discounts!A:A) | W77: =ADDRESS(V77,$F$7+1,,,"discounts") | X77: =ROUND(IF(ISNA(IF($F$7=0,0,INDIRECT(W77))),0,IF($F$7=0,0,INDIRECT(W77))),0)
C78: 13617 | D78: Морозовы Сергей и Любовь | E78: Слагаемые здоровья | F78: =ROUNDUP(N78-(N78/100*X78),0) | H78: Пилигрим-Пресс | I78: 2007 | J78: 9785982350442 | K78: Книги | L78: =ROUND(100-(F78/(M78/100)),0) | M78: 819 | N78: 713 | O78: https://magic-kniga.ru/items/13617 | Q78: Мало | R78: 5 | V78: =MATCH(R78,discounts!A:A) | W78: =ADDRESS(V78,$F$7+1,,,"discounts") | X78: =ROUND(IF(ISNA(IF($F$7=0,0,INDIRECT(W78))),0,IF($F$7=0,0,INDIRECT(W78))),0)
C79: 23245 | D79: Курбанов Шамиль | E79: Как избавиться от болей в спине и шее за ________ дней | F79: =ROUNDUP(N79-(N79/100*X79),0) | H79: Весь | I79: 2014 | J79: 9785957327011 | K79: Книги | L79: =ROUND(100-(F79/(M79/100)),0) | M79: 379 | N79: 330 | O79: https://magic-kniga.ru/items/23245 | Q79: Мало | R79: 3 | V79: =MATCH(R79,discounts!A:A) | W79: =ADDRESS(V79,$F$7+1,,,"discounts") | X79: =ROUND(IF(ISNA(IF($F$7=0,0,INDIRECT(W79))),0,IF($F$7=0,0,INDIRECT(W79))),0)
C80: 23282 | D80: Серебрякова Л. | E80: Календарь на 2015 год | F80: =ROUNDUP(N80-(N80/100*X80),0) | H80: Диля | I80: 2014 | J80: 9785423602093 | K80: Книги | L80: =ROUND(100-(F80/(M80/100)),0) | M80: 50 | N80: 44 | O80: https://magic-kniga.ru/items/23282 | Q80: Мало | R80: 7 | V80: =MATCH(R80,discounts!A:A) | W80: =ADDRESS(V80,$F$7+1,,,"discounts") | X80: =ROUND(IF(ISNA(IF($F$7=0,0,INDIRECT(W80))),0,IF($F$7=0,0,INDIRECT(W80))),0)
B81: Спиритизм
C82: 13702 | D82: Потоцкий | E82: Возвращение к всеобщей гармонии | F82: =ROUNDUP(N82-(N82/100*X82),0) | H82: Наука | I82: 2004 | J82: 9785830500494 | K82: Книги | L82: =ROUND(100-(F82/(M82/100)),0) | M82: 947 | N82: 824 | O82: https://magic-kniga.ru/items/13702 | Q82: Мало | R82: 2 | V82: =MATCH(R82,discounts!A:A) | W82: =ADDRESS(V82,$F$7+1,,,"discounts") | X82: =ROUND(IF(ISNA(IF($F$7=0,0,INDIRECT(W82))),0,IF($F$7=0,0,INDIRECT(W82))),0)
B83: Астральные путешествия
C84: 24654 | D84: Раговик Кристина | E84: Как повысить точность предсказаний в хорарной астрологии | F84: =ROUNDUP(N84-(N84/100*X84),0) | H84: Медков | I84: 2015 | J84: 9785902582830 | K84: Книги | L84: =ROUND(100-(F84/(M84/100)),0) | M84: 776 | N84: 676 | O84: https://magic-kniga.ru/items/24654 | Q84: Мало | R84: 5 | V84: =MATCH(R84,discounts!A:A) | W84: =ADDRESS(V84,$F$7+1,,,"discounts") | X84: =ROUND(_xlfn.SINGLE(IF(ISNA(_xlfn.SINGLE(IF($F$7=0,0,INDIRECT(W84)))),0,IF($F$7=0,0,INDIRECT(W84)))),0)
C85: 5886 | E85: Загадки левитации, или Дети индиго уже в полете? | F85: =ROUNDUP(N85-(N85/100*X85),0) | H85: Издательство Филимонова Л.А. | I85: 2009 | J85: 9789856396154 | K85: Книги | L85: =ROUND(100-(F85/(M85/100)),0) | M85: 188 | N85: 164 | O85: https://magic-kniga.ru/items/5886 | Q85: Мало | R85: 3 | V85: =MATCH(R85,discounts!A:A) | W85: =ADDRESS(V85,$F$7+1,,,"discounts") | X85: =ROUND(_xlfn.SINGLE(IF(ISNA(_xlfn.SINGLE(IF($F$7=0,0,INDIRECT(W85)))),0,IF($F$7=0,0,INDIRECT(W85)))),0)
C86: 14000 | D86: Марсель Луи Форан | E86: Иные миры. Практическая астральная проекция | F86: =ROUNDUP(N86-(N86/100*X86),0) | H86: Magic-Kniga | I86: 2013 | J86: 9785904844264 | K86: Книги | L86: =ROUND(100-(F86/(M86/100)),0) | M86: 590 | N86: 514 | O86: https://magic-kniga.ru/items/14000 | P86: 278 | Q86: Больше 10 | R86: 1 | S86: 16 | V86: =MATCH(R86,discounts!A:A) | W86: =ADDRESS(V86,$F$7+1,,,"discounts") | X86: =ROUND(_xlfn.SINGLE(IF(ISNA(_xlfn.SINGLE(IF($F$7=0,0,INDIRECT(W86)))),0,IF($F$7=0,0,INDIRECT(W86)))),0)
C87: 18584 | D87: Домашева-Самойленко Н. | E87: Помощь перешедшим в нижние слои Астрального Плана планеты | F87: =ROUNDUP(N87-(N87/100*X87),0) | H87: Амрита-русь | I87: 2012 | J87: 9785413009208 | K87: Книги | L87: =ROUND(100-(F87/(M87/100)),0) | M87: 141 | N87: 123 | O87: https://magic-kniga.ru/items/18584 | Q87: Мало | R87: 2 | V87: =MATCH(R87,discounts!A:A) | W87: =ADDRESS(V87,$F$7+1,,,"discounts") | X87: =ROUND(_xlfn.SINGLE(IF(ISNA(_xlfn.SINGLE(IF($F$7=0,0,INDIRECT(W87)))),0,IF($F$7=0,0,INDIRECT(W87)))),0)
B88: Прошлые жизни
C89: 3989 | D89: Мерфет Говард | E89: Приглашение к бессмертию. Преображая и спасая людей | F89: =ROUNDUP(N89-(N89/100*X89),0) | H89: Амрита-русь | I89: 2015 | J89: 9785413012727 | K89: Книги | L89: =ROUND(100-(F89/(M89/100)),0) | M89: 98 | N89: 86 | O89: https://magic-kniga.ru/items/3989 | Q89: Мало | R89: 2 | V89: =MATCH(R89,discounts!A:A) | W89: =ADDRESS(V89,$F$7+1,,,"discounts") | X89: =ROUND(_xlfn.SINGLE(IF(ISNA(_xlfn.SINGLE(IF($F$7=0,0,INDIRECT(W89)))),0,IF($F$7=0,0,INDIRECT(W89)))),0)
C90: 5875 | D90: Саи Баба | E90: Вы не можете умереть. Внутренний опыт и реальная практика | F90: =ROUNDUP(N90-(N90/100*X90),0) | H90: Амрита-русь | I90: 2012 | J90: 9785413008911 | K90: Книги | L90: =ROUND(100-(F90/(M90/100)),0) | M90: 188 | N90: 164 | O90: https://magic-kniga.ru/items/5875 | Q90: Мало | R90: 2 | V90: =MATCH(R90,discounts!A:A) | W90: =ADDRESS(V90,$F$7+1,,,"discounts") | X90: =ROUND(_xlfn.SINGLE(IF(ISNA(_xlfn.SINGLE(IF($F$7=0,0,INDIRECT(W90)))),0,IF($F$7=0,0,INDIRECT(W90)))),0)
C91: 15703 | D91: Ванден | E91: Спросите у медиума: ответы на ваши часто задаваемые вопросы о духовной жизни | F91: =ROUNDUP(N91-(N91/100*X91),0) | H91: Весь | I91: 2012 | J91: 9785957324072 | K91: Книги | L91: =ROUND(100-(F91/(M91/100)),0) | M91: 250 | N91: 218 | O91: https://magic-kniga.ru/items/15703 | Q91: Мало | R91: 2 | V91: =MATCH(R91,discounts!A:A) | W91: =ADDRESS(V91,$F$7+1,,,"discounts") | X91: =ROUND(_xlfn.SINGLE(IF(ISNA(_xlfn.SINGLE(IF($F$7=0,0,INDIRECT(W91)))),0,IF($F$7=0,0,INDIRECT(W91)))),0)
B92: Оракулы
C93: 19459 | D93: Рэндалл | E93: Кгнига «Священные Символы Древних». Раскрытие тайны мистической связи 52 карт с вашей датой рождения | F93: =ROUNDUP(N94-(N94/100*X94),0) | H93: Велигор | I93: 2015 | J93: 9785888752982 | K93: Книги | L93: =ROUND(100-(F94/(M94/100)),0) | M93: 714 | N93: 622 | O93: https://magic-kniga.ru/items/19459 | Q93: Мало | R93: 6 | V93: =MATCH(R94,discounts!A:A) | W93: =ADDRESS(V94,$F$7+1,,,"discounts") | X93: =ROUND(_xlfn.SINGLE(IF(ISNA(_xlfn.SINGLE(IF($F$7=0,0,INDIRECT(W94)))),0,IF($F$7=0,0,INDIRECT(W94)))),0)
C94: 681 | D94: Морок Александр | E94: Гадания по разным случаям | F94: =ROUNDUP(N95-(N95/100*X95),0) | H94: Т8 RUGRAM | I94: 2017 | J94: 9785521056200 | K94: Книги | L94: =ROUND(100-(F95/(M95/100)),0) | M94: 1127 | N94: 981 | O94: https://magic-kniga.ru/items/681 | Q94: Мало | R94: 5 | V94: =MATCH(R95,discounts!A:A) | W94: =ADDRESS(V95,$F$7+1,,,"discounts") | X94: =ROUND(_xlfn.SINGLE(IF(ISNA(_xlfn.SINGLE(IF($F$7=0,0,INDIRECT(W95)))),0,IF($F$7=0,0,INDIRECT(W95)))),0)
B95: Гадание на картах
C96: 681 | D96: Морок Александр | E96: Гадания по разным случаям | F96: =ROUNDUP(N97-(N97/100*X97),0) | H96: Т8 RUGRAM | I96: 2017 | J96: 9785521056200 | K96: Книги | L96: =ROUND(100-(F97/(M97/100)),0) | M96: 1127 | N96: 981 | O96: https://magic-kniga.ru/items/681 | Q96: Мало | R96: 5 | V96: =MATCH(R97,discounts!A:A) | W96: =ADDRESS(V97,$F$7+1,,,"discounts") | X96: =ROUND(_xlfn.SINGLE(IF(ISNA(_xlfn.SINGLE(IF($F$7=0,0,INDIRECT(W97)))),0,IF($F$7=0,0,INDIRECT(W97)))),0)
C97: 17488 | D97: Моррель Томас | E97: Древняя книга времени Утраченные коды времени племени Майя 90 раскладов часть 3 | F97: =ROUNDUP(N98-(N98/100*X98),0) | H97: Велигор | I97: 2013 | J97: 9785888751688 | K97: Книги | L97: =ROUND(100-(F98/(M98/100)),0) | M97: 248 | N97: 216 | O97: https://magic-kniga.ru/items/17488 | Q97: Мало | R97: 6 | V97: =MATCH(R98,discounts!A:A) | W97: =ADDRESS(V98,$F$7+1,,,"discounts") | X97: =ROUND(_xlfn.SINGLE(IF(ISNA(_xlfn.SINGLE(IF($F$7=0,0,INDIRECT(W98)))),0,IF($F$7=0,0,INDIRECT(W98)))),0)
C98: 12006 | E98: КреатиFFные гадания на игральных картах. Часть 6 | F98: =ROUNDUP(N99-(N99/100*X99),0) | H98: Magic-Kniga | I98: 2014 | J98: 9785904844752 | K98: Книги | L98: =ROUND(100-(F99/(M99/100)),0) | M98: 203 | N98: 177 | O98: https://magic-kniga.ru/items/12006 | Q98: Больше 10 | R98: 1 | V98: =MATCH(R99,discounts!A:A) | W98: =ADDRESS(V99,$F$7+1,,,"discounts") | X98: =ROUND(_xlfn.SINGLE(IF(ISNA(_xlfn.SINGLE(IF($F$7=0,0,INDIRECT(W99)))),0,IF($F$7=0,0,INDIRECT(W99)))),0)
B99: Книги по сновидениям
C100: 2204 | D100: Тэйлор Дж. | E100: Толкование снов. Интерпретация более 1000 символов | F100: =ROUNDUP(N101-(N101/100*X101),0) | H100: Кладезь Букс | I100: 2007 | J100: 9785933951940 | K100: Книги | L100: =ROUND(100-(F101/(M101/100)),0) | M100: 160 | N100: 140 | O100: https://magic-kniga.ru/items/2204 | Q100: Мало | R100: 7 | V100: =MATCH(R101,discounts!A:A) | W100: =ADDRESS(V101,$F$7+1,,,"discounts") | X100: =ROUND(_xlfn.SINGLE(IF(ISNA(_xlfn.SINGLE(IF($F$7=0,0,INDIRECT(W101)))),0,IF($F$7=0,0,INDIRECT(W101)))),0)
C101: 24134 | D101: Семенова А.Н. | E101: Новый лунный сонник | F101: =ROUNDUP(N102-(N102/100*X102),0) | H101: Крылов | I101: 2018 | J101: 9785422603121 | K101: Книги | L101: =ROUND(100-(F102/(M102/100)),0) | M101: 1000 | N101: 870 | O101: https://magic-kniga.ru/items/24134 | Q101: Мало | R101: 5 | V101: =MATCH(R102,discounts!A:A) | W101: =ADDRESS(V102,$F$7+1,,,"discounts") | X101: =ROUND(_xlfn.SINGLE(IF(ISNA(_xlfn.SINGLE(IF($F$7=0,0,INDIRECT(W102)))),0,IF($F$7=0,0,INDIRECT(W102)))),0)
B102: Хиромантия
...

Sheet discounts
A1: Группа скидок / Cумма заказа от | B1: Название | C1: 20000 | D1: 30000 | E1: 40000 | F1: 50000 | G1: 60000 | H1: 70000 | I1: 80000 | J1: 90000 | K1: 100000
A2: 1 | C2: 4 | D2: 4 | E2: 8 | F2: 8 | G2: 12 | H2: 12 | I2: 16 | J2: 16 | K2: 20
A3: 2 | C3: 0 | D3: 0 | E3: 4 | F3: 5 | G3: 6 | H3: 6 | I3: 7 | J3: 7 | K3: 8
A4: 3 | C4: 6 | D4: 8 | E4: 10 | F4: 12 | G4: 14 | H4: 15 | I4: 15 | J4: 16 | K4: 17
A5: 4 | C5: 10 | D5: 12 | E5: 14 | F5: 15 | G5: 16 | H5: 18 | I5: 20 | J5: 22 | K5: 24
A6: 5 | C6: 0 | D6: 0 | E6: 1 | F6: 2 | G6: 3 | H6: 4 | I6: 5 | J6: 6 | K6: 7
A7: 6 | C7: 4 | D7: 6 | E7: 8 | F7: 8 | G7: 10 | H7: 10 | I7: 12 | J7: 12 | K7: 15
A8: 7 | C8: 4 | D8: 4 | E8: 6 | F8: 8 | G8: 10 | H8: 13 | I8: 16 | J8: 18 | K8: 20
A9: 8 | C9: 0 | D9: 0 | E9: 2 | F9: 2 | G9: 4 | H9: 4 | I9: 6 | J9: 6 | K9: 8
A10: 9 | C10: 2 | D10: 2 | E10: 4 | F10: 6 | G10: 6 | H10: 8 | I10: 10 | J10: 12 | K10: 14
A11: 10 | C11: 2 | D11: 4 | E11: 6 | F11: 8 | G11: 10 | H11: 12 | I11: 15 | J11: 18 | K11: 22
A12: 11 | C12: 0 | D12: 0 | E12: 2 | F12: 3 | G12: 4 | H12: 5 | I12: 6 | J12: 7 | K12: 8
A13: 12 | C13: 2 | D13: 2 | E13: 4 | F13: 4 | G13: 6 | H13: 6 | I13: 8 | J13: 8 | K13: 10
A14: 13 | C14: 2 | D14: 3 | E14: 4 | F14: 5 | G14: 6 | H14: 8 | I14: 10 | J14: 12 | K14: 15
